 Dungeon Crawl Stone Soup version 0.30-a0-585-g93115170b9 (webtiles) character file.

Game seed: 6483012148961599205

183 wormed the Sneak (level 5, -1/33 HPs)
             Began as a Kobold Delver on Jan 1, 2023.
             Killed from afar by Natasha (8 damage)
             ... with a puff of flame
             ... on level 3 of the Dungeon.
             The game lasted 00:04:54 (3065 turns).

wormed the Sneak (Kobold Delver)                    Turns: 3065, Time: 00:04:55

Health: -1/33      AC:  6    Str:  9    XL:     5   Next: 94%
Magic:  5/5        EV: 15    Int: 11    God:
Gold:   127        SH:  0    Dex: 19    Spells: 4/4 levels left

rFire   . . .      SeeInvis .    o - +0 rapier
rCold   . . .      Faith    .    (no shield)
rNeg    . . .      Spirit   .    l - +2 leather armour {rPois}
rPois   +          Reflect  .    (no helmet)
rElec   .          Harm     .    (no cloak)
rCorr   .          Rampage  .    m - +0 pair of gloves
Will    .....                    (no boots)
Stlth   +++++                    (no amulet)
HPRegen 0.25/turn                (no ring)
MPRegen 0.09/turn                (no ring)

@: no status effects
A: small, no large weapons, nightstalker 3
a: no special abilities


You were on level 3 of the Dungeon.
You visited 1 branch of the dungeon, and saw 5 of its levels.

You collected 127 gold pieces.

Inventory:

Hand Weapons
 o - a +0 rapier (weapon)
Armour
 l - a +2 leather armour of poison resistance (worn)
 m - a +0 pair of gloves (worn)
Wands
 g - a wand of digging (3)
Scrolls
 a - a scroll of enchant weapon {unknown}
 e - a scroll of torment
 h - 2 scrolls of identify
 i - a scroll of enchant armour
 k - a scroll of immolation
 n - a scroll of noise {unknown}
Potions
 b - a potion of heal wounds {unknown}
 c - a potion of brilliance {unknown}
 d - a potion of degeneration
 f - a potion of haste
 j - a potion of curing


   Skills:
 + Level 4.1 Fighting
 * Level 5.1 Short Blades
 + Level 3.7 Dodging
 + Level 7.4 Stealth


You had 4 spell levels left.
You didn't know any spells.
Your spell library was empty.

Dungeon Overview and Level Annotations

Branches:
Dungeon (5/15)
 Temple: D:4-7

Altars:

Shops:
D:1 (==!=

Annotations:
D:3 Natasha, Robin


Innate Abilities, Weirdness & Mutations

You are small and have problems with some larger weapons.
You are completely attuned to the shadows.


Message History

You skewer the orc like a kebab!!!
You kill the orc!
You see here a +0 morningstar.
A hobgoblin comes into view.
The helpless hobgoblin fails to defend itself.
You spit the hobgoblin like a pig!!!
You kill the hobgoblin!
You see here a +0 morningstar.
A ball python comes into view.
A ball python is nearby!
The helpless ball python fails to defend itself.
You perforate the ball python like a sieve!!!
You kill the ball python!
You see here a ball python corpse.
You see here an orb of guile.
Natasha, Servant of Life and Death comes into view.
She is carrying a wand of flame (20).
Natasha hisses angrily.
Natasha zaps a wand.
The puff of flame hits you!
There are monsters nearby!
Natasha mumbles some strange words.
Natasha's front paws start to glow.
Natasha mumbles some strange words.
Robin shouts!
The goblin shouts!
The goblin shouts!
You hear a shout!
Robin roars a battlecry!
The goblins go into a battle-frenzy!
Natasha casts a spell.
Robin roars a battlecry!
Natasha hisses.
Natasha zaps a wand.
The puff of flame hits you!
Robin roars a battlecry!
Natasha extends her claws.
Natasha casts a spell at you.
The magic dart hits you but does no damage.
Natasha zaps a wand.
The puff of flame hits you!
* * * LOW HITPOINT WARNING * * *
Natasha wildly gestures.
Natasha shimmers violently.
Natasha zaps a wand.
The puff of flame hits you!
You die...

#.#####..# #.......gg.## ##.##
#.# #..# ##.######g## ##.## #.#
#..# #.#### #.# #... #.# #..#
#....###.## ##.## #.# #..#
####.##...## ##.... #.### #..#
#.##.#..###.#### ....# #..#####
#..h...#...## #
###.###......#####......##### #
##...##..###.##.@.......# #
.........# #....##......##### #
##...###.###.#####..........# #
###................#...####.# #
.#########..######.##.## #.# #
.###### #..# ###.##.# #.# #
......## #..# #.[.##.#####.## #
.###...###..# ##.####........####
........)...###...###............


You could see Natasha.

Vanquished Creatures
  Natasha (D:3)
  An orc wizard (D:2)
  2 adders
  3 worms
  A dart slug (D:1)
  6 orcs
  5 bats
  6 endoplasms
  6 giant cockroaches
  10 goblins
  13 hobgoblins
  7 jackals
  5 kobolds
  4 quokkas
  8 ball pythons
  5 frilled lizards
  6 rats
89 creatures vanquished.

Notes
Turn   | Place    | Note
-------+----------+-------------------------------------------
     0 | D:5      | wormed the Kobold Delver began the quest for the Orb.
     0 | D:5      | Reached XP level 1. HP: 14/14 MP: 1/1
    65 | D:4      | Noticed a scorpion
   197 | D:3      | Reached XP level 2. HP: 17/19 MP: 2/2
   198 | D:3      | Noticed Natasha
   414 | D:1      | Found Reh Ciog's Weapon Shoppe.
   446 | D:1      | Reached XP level 3. HP: 18/23 MP: 3/3
   559 | D:1      | Found Elomuetz's Jewellery Emporium.
   567 | D:1      | Found Kiaghuseuz's Jewellery Shoppe.
   571 | D:1      | Found Esedetha's Jewellery Emporium.
   633 | D:1      | Found Etal's Distillery.
   958 | D:1      | Reached skill level 7 in Stealth
   958 | D:1      | Reached XP level 4. HP: 29/29 MP: 4/4
  1119 | D:2      | Identified the +11 sling of Discomfort {flame, rElec Will+
                  | Dex+3}
  1433 | D:2      | Reached XP level 5. HP: 33/33 MP: 5/5
  1918 | D:2      | Found a faded altar of an unknown god.
  2490 | D:3      | Noticed Robin
  2925 | D:3      | Killed Natasha
  2926 | D:3      | Reached skill level 5 in Short Blades
  3055 | D:3      | Noticed Natasha
  3065 | D:3      | Killed from afar by Natasha

Illustrated notes

Levels and vault maps discovered:
D:1:      psy_arrival_basics, layout_rooms, serial_shops, nicolae_shop_crystal,
          shop, shop, nicolae_shop_behind_doors,
          nicolae_shop_bloodbath_and_beyond
D:2:      layout_loops_corners, chequers_ecumenical_altar_island,
          minmay_pentomino_z2
D:3:      layout_loops_ring, uniq_natasha, uniq_robin
D:4:      layout_cave_pools, uniq_duvessa, uniq_grinder
D:5:      layout_cave_pools, evilmike_ruin_ashenzari, minmay_gold_behind_fungi,
          nrook_mini_backslash, uniq_ijyb, uniq_blork_the_orc, uniq_sigmund

Skill      XL: |  1  2  3  4  5 |
---------------+----------------+-----
Short Blades   | 3 4 5 |  5.1
Dodging        | 3 |  3.7
Stealth        | 7 |  7.4
Fighting       | 4 |  4.1

Action                   |  1- 3 |  4- 6 || total
-------------------------+-------+-------++-------
Melee: Short sword       |   104 |    74 ||   178
       Punch             |     1 |       ||     1
       Rapier            |       |    56 ||    56
 Fire: Sling             |       |     6 ||     6
  Use: Scroll            |     2 |     6 ||     8
       Potion            |       |     1 ||     1
 Stab: Sleeping          |    15 |    26 ||    41
       Distracted        |       |     1 ||     1
Armor: Leather armour    |    35 |    26 ||    61
Dodge: Dodged            |    97 |    73 ||   170

Table legend: (Time is in decaauts)
 A = Elapsed time spent in this place.
 B = Non-inter-level travel time spent in this place.
 C = Inter-level travel time spent in this place.
 D = Time resting spent in this place.
 E = Time spent auto-exploring this place.
 F = Levels seen in this place.
 G = Mean time per level.
                   A        B        C        D        E       F      G
               +--------+--------+--------+--------+--------+-----+--------+
         Total |   3029 |   2860 |    169 |      0 |   2151 |   5 |  605.8 |
       Dungeon |   3029 |   2860 |    169 |      0 |   2151 |   5 |  605.8 |
               +--------+--------+--------+--------+--------+-----+--------+

Top non-repeatable levels by time:
     D:2: 1283 daAuts
     D:3: 975 daAuts
     D:1: 678 daAuts
     D:4: 76 daAuts
     D:5: 16 daAuts
